 Dungeon Crawl Stone Soup version 0.31-a0-810-ga77100ea1a (webtiles) character file.

Game seed: 17637640886076925864

203 IdlyInterested the Trooper (level 5, -6/42 HPs)
             Began as a Demonspawn Fighter on Sept 21, 2023.
             Killed from afar by an electric eel (8 damage)
             ... with a bolt of electricity
             ... on level 3 of the Dungeon.
             The game lasted 00:09:11 (3046 turns).

IdlyInterested the Trooper (Demonspawn Fighter)     Turns: 3046, Time: 00:09:12

Health: -6/42      AC:  9    Str: 16    XL:     5   Next: 51%
Magic:  9/9        EV:  6    Int: 12    God:
Gold:   97         SH:  4    Dex: 12    Spells: 10/10 levels left

rFire   . . .        a - +0 rapier
rCold   . . .        c - +0 buckler
rNeg    . . .        l - +0 chain mail
rPois   .            (helmet restricted)
rElec   .            (no cloak)
rCorr   .            (no gloves)
SInv    .            (no boots)
Will    .....        (no amulet) Stlth
                     (no ring)
HPRegen 0.27/turn    (no ring)
MPRegen 0.11/turn

%: no passive effects
@: no status effects
A: horns 1, demonic guardian 1
a: no special abilities


You were on level 3 of the Dungeon.
You visited 1 branch of the dungeon, and saw 3 of its levels.

You collected 97 gold pieces.

Inventory:

Hand Weapons
 a - a +0 rapier (weapon)
Missiles
 f - 15 stones (quivered)
 r - 2 javelins
Armour
 b - a +0 scale mail
 c - a +0 buckler (worn)
 d - a +0 robe
 g - a +0 leather armour
 k - a +0 ring mail
 l - a +0 chain mail (worn)
Wands
 p - a wand of quicksilver (6)
 w - a wand of flame (18)
Scrolls
 h - a scroll of blinking
 i - 2 scrolls of teleportation
 s - 2 scrolls of revelation
 t - a scroll of fear
 u - 2 scrolls of poison {unknown}
 v - 2 scrolls of vulnerability
Potions
 j - a potion of resistance {unknown}
 m - 2 potions of lignification {unknown}
 n - a potion of curing
 o - a potion of cancellation {unknown}
 q - a potion of ambrosia {unknown}


   Skills:
 + Level 3.9 Fighting
 - Level 1.7 Short Blades
 - Level 3.0 Armour
 * Level 2.6 Stealth
 - Level 2.6 Shields
 * Level 3.0 Spellcasting


You had 10 spell levels left.
You didn't know any spells.
Your spell library contained the following spells:

 Spells                   Type           Power      Damage    Failure   Level
 Magic Dart               Conj           4%         1d3       98%         1
 Call Imp                 Summ           2%         N/A       99%         2
 Mephitic Cloud           Conj/Pois/Air  1%         N/A       100%        3


Dungeon Overview and Level Annotations

Branches:
Dungeon (3/15)

Altars:

Shops:
D:2 :

Annotations:
D:3 1 transporter


Innate Abilities, Weirdness & Mutations

You have a pair of small horns on your head.
A weak demonic guardian rushes to your aid.


Message History

Gang up on whom?
Press: ? - help, Dir - move target, f - electric eel
Aim: an electric eel (fire blocked by a translucent stone wall) There's something in the way.
Okay, then.
What are your orders? t - Shout!
Orders for allies: a - Attack new target. p - Attack previous target. r - Retreat! s - Stop attacking. g - Guard the area. f - Follow me.
Anything else - Cancel.
Gang up on whom?
Press: ? - help, Dir - move target, f/p - electric eel
Aim: an electric eel (fire blocked by a translucent stone wall) There's something in the way.
Okay, then.
You start resting.
Your white imp disappears in a puff of smoke!
HP restored.
The electric eel shoots out a bolt of lightning at you!
The bolt of electricity hits you! x2; The bolt of electricity hits the plant!
The plant begins to die.
There is an open door here.
The electric eel shoots out a bolt of lightning at you!
The bolt of electricity hits you!
* * * LOW HITPOINT WARNING * * *
You hit the electric eel.
The electric eel is moderately wounded.
You barely miss the electric eel. Your headbutt misses the electric eel.
The electric eel is moderately wounded.
You hit the electric eel.
The electric eel is moderately wounded.
A nearby plant withers and dies.
The electric eel shoots out a bolt of lightning at you!
The bolt of electricity hits you!
* * * LOW HITPOINT WARNING * * *
A demonic guardian appears!
The electric eel shoots out a bolt of lightning at you!
The bolt of electricity hits you!
You die...

#####..#######.###.#
#..........##..#
#.######...#...#### #.#
#.....©....# #.#
#..#######.# #.#
#..#8.©.8#.# #.#
#..#~.5.~#.# #####.#
#..###'###.#
..[<.)######..#S@..~#.#
####..........#~.[.~#.#
......#######.#~...~#.#
####[.# #.#~.⌠.~#.# #
#..# #.#~...~#.# # #..#
#.#~...~#.# # #..#
#.#~...~#.# # #..#
#.###+###.# ####..#
#.#P.$.P#.#


You could see an electric eel (ally target) and a friendly white imp (summoned).

Vanquished Creatures
  An electric eel (D:3)
  An orc priest (D:3)
  An orc wizard (D:3)
  2 adders
  2 dart slugs
  5 orcs (D:3)
  13 ball pythons
  7 endoplasms
  A giant cockroach (D:1)
  3 goblins
  6 hobgoblins
  4 quokkas
  3 bats
  7 frilled lizards
  A kobold (D:3)
  6 rats
63 creatures vanquished.

Vanquished Creatures (collateral kills)
  An orc wizard (D:3)
  An adder (D:3)
  2 orcs (D:3)
  An endoplasm (D:1)
  A quokka (D:1)
  A kobold (D:3)
7 creatures vanquished.

Grand Total: 70 creatures vanquished

Notes
Turn   | Place    | Note
-------+----------+-------------------------------------------
     0 | D:1      | IdlyInterested the Demonspawn Fighter began the quest for
                  | the Orb.
     0 | D:1      | Reached XP level 1. HP: 18/18 MP: 1/1
   152 | D:1      | Reached skill level 1 in Spellcasting
   152 | D:1      | Gained mutation: A weak demonic guardian rushes to your
                  | aid. [demonic ancestry]
   152 | D:1      | Reached XP level 2. HP: 24/24 MP: 3/3
   750 | D:1      | Reached XP level 3. HP: 21/29 MP: 5/5
   798 | D:1      | Found a faded altar of an unknown god.
  1454 | D:2      | Reached skill level 1 in Stealth
  1556 | D:2      | Found Pimm's Book Emporium.
  1701 | D:3      | Gained mutation: You have a pair of small horns on your
                  | head. [demonic ancestry]
  1701 | D:3      | Reached XP level 4. HP: 7/35 MP: 7/7
  2177 | D:3      | Reached XP level 5. HP: 38/42 MP: 9/9
  2336 | D:3      | Found a transporter.
  2445 | D:3      | Found a transporter.
  3046 | D:3      | HP: 2/42 [electric eel/bolt of electricity (9)]
  3046 | D:3      | Killed from afar by an electric eel

Illustrated notes

Levels and vault maps discovered:
D:1:      matt_arrival_los_fun, layout_basic, basic_ecumenical_altar
D:2:      layout_rooms, serial_shops, nicolae_shop_window_shopping
D:3:      gammafunk_steamed_eel, layout_loops_ring

Skill      XL: |  1  2  3  4  5 |
---------------+----------------+-----
Spellcasting   | 1 2 3 |  3.0
Armour         | 3 |  3.0
Stealth        | 1 2 |  2.6
Fighting       | |  3.9
Short Blades   | |  1.7
Shields        | |  2.6

Action                     |  1- 3 |  4- 6 || total
---------------------------+-------+-------++-------
  Melee: Rapier            |   141 |    64 ||   205
         Headbutt          |       |    10 ||    10
  Throw: Javelin           |     2 |     2 ||     4
  Evoke: Wand              |       |     1 ||     1
    Use: Scroll            |     3 |     4 ||     7
         Potion            |       |     2 ||     2
   Stab: Distracted        |     1 |       ||     1
 Armour: Scale mail        |    47 |       ||    47
         Chain mail        |    60 |    62 ||   122
  Dodge: Dodged            |    43 |    10 ||    53
  Block: Buckler           |    31 |     8 ||    39

Table legend: (Time is in decaauts)
 A = Elapsed time spent in this place.
 B = Non-inter-level travel time spent in this place.
 C = Inter-level travel time spent in this place.
 D = Time resting spent in this place.
 E = Time spent auto-exploring this place.
 F = Levels seen in this place.
 G = Mean time per level.
                   A        B        C        D        E       F      G
               +--------+--------+--------+--------+--------+-----+--------+
         Total |   3081 |   2831 |    250 |    726 |   1297 |   3 | 1027.0 |
       Dungeon |   3081 |   2831 |    250 |    726 |   1297 |   3 | 1027.0 |
               +--------+--------+--------+--------+--------+-----+--------+

Top non-repeatable levels by time:
     D:3: 1244 daAuts
     D:1: 1095 daAuts
     D:2: 741 daAuts
